 Dungeon Crawl Stone Soup version 0.27-a0-1291-geefcff550b (webtiles) character file.

Game seed: 3829322232551702115

43 avis the Grave Robber (level 3, -4/16 HPs)
             Began as a Vine Stalker Necromancer on June 16, 2021.
             Killed by nerve-wracking pain
             ... invoked by Jessica
              (6 damage)
             ... on level 2 of the Dungeon.
             The game lasted 00:10:23 (3174 turns).

avis the Grave Robber (Vine Stalker Necromancer)    Turns: 3174, Time: 00:10:24

Health: -4/16      AC:  3    Str: 11    XL:     3   Next: 58%
Magic:  0/7        EV: 27    Int: 15    God:
Gold:   173        SH:  0    Dex: 14    Spells: 2/7 levels left

rFire    . . .     SeeInvis .   r - +0 dagger
rCold    . . .     Faith    .   (no shield)
rNeg     . . .     Spirit   +   b - +0 robe
rPois    .         Reflect  .   (no helmet)
rElec    .         Harm     .   (no cloak)
rCorr    .         Rampage  .   (no gloves)
Will     .....                  c - +0 pair of boots
Stlth    ++........             d - amulet of the acrobat
HPRegen  0.05/turn              (no ring)
MPRegen  0.10/turn              (no ring)

@: acrobatic
A: fangs 2, magic shield, antimagic bite, no potion heal 2
a: no special abilities


You were on level 2 of the Dungeon.
You visited 1 branch of the dungeon, and saw 3 of its levels.

You collected 173 gold pieces.

Inventory:

Hand Weapons
 a - a +2 short sword of venom
 r - a +0 dagger (weapon)
Missiles
 e - 14 sling bullets
 f - 27 arrows
 h - 39 stones
 p - 16 bolts
Armour
 b - a +0 robe (worn)
 c - a +0 pair of boots (worn)
Jewellery
 d - an amulet of the acrobat (around neck)
Wands
 m - a wand of polymorph (5)
Scrolls
 g - 2 scrolls of holy word {unknown}
 i - a scroll of enchant armour {unknown}
 j - 2 scrolls of amnesia {unknown}
 k - a scroll of teleportation {unknown}
 q - a scroll of fog {unknown}
Potions
 l - a potion of cancellation {unknown}
 n - a potion of ambrosia {unknown}
 o - a potion of flight {unknown}


   Skills:
 + Level 1.0 Short Blades
 + Level 2.0 Dodging
 + Level 3.0 Stealth
 + Level 2.6 Spellcasting
 + Level 4.3 Necromancy


You had 2 spell levels left.
You knew the following spells:

 Your Spells              Type           Power      Damage    Failure   Level
a - Pain                  Necr           56%        1d6       3%          1
b - Animate Skeleton      Necr           28%        N/A       3%          1
d - Vampiric Draining     Necr           7%         2d7       11%         3

Your spell library contained the following spells:

 Spells                   Type           Power      Damage    Failure   Level
 Summon Small Mammal      Summ           4%         N/A       22%         1
 Call Imp                 Summ           1%         N/A       32%         2
 Animate Dead             Necr           7%         N/A       34%         4
 Call Canine Familiar     Summ           1%         N/A       54%         3
 Summon Guardian Golem    Hex/Summ       1%         N/A       54%         3
 Agony                    Necr           14%        N/A       69%         5
 Summon Ice Beast         Ice/Summ       1%         N/A       91%         4
 Summon Lightning Spire   Summ/Air       1%         N/A       91%         4


Dungeon Overview and Level Annotations

Branches:
Dungeon (3/15)

Altars:

Annotations:
D:2 Jessica


Innate Abilities, Weirdness & Mutations

You have extremely sharp teeth.
When hurt, damage is shared between your health and your magic reserves.
Your bite disrupts and absorbs the magic of your enemies.
Potions cannot restore your health.


Message History

You now have 152 gold pieces (gained 9).
You now have 164 gold pieces (gained 12).
A bat comes into view.
You see here 9 gold pieces.
You see here 9 gold pieces.
You now have 173 gold pieces (gained 9).
There is a stone staircase leading up here.
You climb upwards.
There is a stone staircase leading down here.
There is a stone staircase leading down here.
You climb downwards.
A rat, 3 orcs, an orc priest and Jessica come into view.
Jessica is wielding a +2 dagger of venom and wearing a +1 robe of cold resistance.
The orc moves out of view.
Found a rapier and 15 gold pieces.
There is a stone staircase leading up here.
Casting: Pain (safe; 3% risk of failure)
Confirm with . or Enter, or press ? or * to list all spells.
Aiming: Pain (safe; 3% risk of failure)
Press: ? - help, Shift-Dir - straight line, f - orc
Aim: an orc, wielding a +0 war axe (wandering, hasn't noticed you, chance to affect: 85%)
The orc shouts!
The orc writhes in agony.
The orc priest shouts!
Jessica shouts!
You hear a shout!
You hear an angry hiss. x2
An orc comes into view. It is wielding a +0 hand axe.
The orc shouts!
The orc priest calls down the wrath of Beogh upon you.
Beogh smites you!
Ouch! That really hurt!
Jessica gestures at you while chanting. Pain shoots through your body!
* * * LOW HITPOINT WARNING * * *
The orc barely misses you.
You climb upwards.
There is a stone staircase leading down here.
Jessica completely misses you. Jessica gestures at you while chanting.
Pain shoots through your body!
You die...

###................#
######...........#
##..........#
#..........# ######
#..........# .....#
#.#.......##
.....####........o>#
..................@#
......###.......@..#
.....## #..........#
.....## #..........#
.###..###.#.......##
..........##.....##
..........########
..........#
..........#
..........#


You could see Jessica and an orc.

Vanquished Creatures
  2 dart slugs (D:1)
  3 bats (D:1)
  5 endoplasms (D:1)
  A giant cockroach (D:1)
  8 hobgoblins
  3 kobolds (D:1)
  4 quokkas (D:1)
  4 ball pythons
  2 rats
32 creatures vanquished.

Notes
Turn   | Place    | Note
-------+----------+-------------------------------------------
     0 | D:1      | avis the Vine Stalker Necromancer began the quest for the
                  | Orb.
     0 | D:1      | Reached XP level 1. HP: 9/9 MP: 4/4
    20 | D:1      | Learned a level 1 spell: Animate Skeleton
   363 | D:1      | Reached XP level 2. HP: 9/13 MP: 1/6
  1448 | D:1      | Reached XP level 3. HP: 10/16 MP: 1/7
  1747 | D:1      | Learned a level 3 spell: Vampiric Draining
  2498 | D:2      | Reached skill level 1 in Short Blades
  2974 | D:2      | Found a faded altar of an unknown god.
  3169 | D:3      | Noticed Jessica
  3174 | D:2      | Killed from afar by Jessica

Illustrated notes

Levels and vault maps discovered:
D:1:      dpeg_chamrin_arrival_tetris, layout_loops_ring, minmay_tripent
D:2:      layout_rooms, basic_ecumenical_altar
D:3:      layout_rooms, uniq_jessica

Skill      XL: |  1  2  3 |
---------------+----------+-----
Stealth        | 3 |  3.0
Dodging        | 2 |  2.0
Short Blades   | 1 |  1.0
Spellcasting   | |  2.6
Necromancy     | |  4.3

Action                   || total
-------------------------++-------
Melee: Dagger            ||    15
       Bite              ||     2
 Cast: Pain              ||    76
       Animate Skeleton  ||     1
       Vampiric Draining ||     1
 Stab: Sleeping          ||     1
Armor: Robe              ||     8
Dodge: Dodged            ||    27

Table legend: (Time is in decaauts)
 A = Elapsed time spent in this place.
 B = Non-inter-level travel time spent in this place.
 C = Inter-level travel time spent in this place.
 D = Time resting spent in this place.
 E = Time spent auto-exploring this place.
 F = Levels seen in this place.
 G = Mean time per level.
                   A        B        C        D        E       F      G
               +--------+--------+--------+--------+--------+-----+--------+
         Total |   3176 |   3057 |    119 |   1806 |    847 |   3 | 1058.7 |
       Dungeon |   3176 |   3057 |    119 |   1806 |    847 |   3 | 1058.7 |
               +--------+--------+--------+--------+--------+-----+--------+

Top non-repeatable levels by time:
     D:1: 2608 daAuts
     D:2: 547 daAuts
     D:3: 20 daAuts
